 Dungeon Crawl Stone Soup version 0.30-a0-4-ga7cffc901d (webtiles) character file.

Game seed: 14610795054809908133

2 SensoryNuts the Shield-Bearer (level 1, 0/18 HPs)
             Began as a Demigod Fighter on Aug 21, 2022.
             Slain by a gnoll
             ... wielding a +0 flail
              (5 damage)
             ... on level 1 of the Dungeon.
             The game lasted 00:00:05 (38 turns).

SensoryNuts the Shield-Bearer (Demigod Fighter)       Turns: 38, Time: 00:00:05

Health: 0/18       AC:  6    Str: 17    XL:     1   Next: 26%
Magic:  3/3        EV:  8    Int: 10    God:
Gold:   6          SH:  4    Dex: 13    Spells: 0/0 levels left

rFire   . . .      SeeInvis .    a - +0 war axe
rCold   . . .      Faith    .    c - +0 buckler
rNeg    . . .      Spirit   .    b - +0 scale mail
rPois   .          Reflect  .    (no helmet)
rElec   .          Harm     .    (no cloak)
rCorr   .          Rampage  .    (no gloves)
Will    .....                    (no boots)
Stlth   ..........               (no amulet)
HPRegen 0.06/turn                (no ring)
MPRegen 0.08/turn                (no ring)

@: no status effects
A: high MP 1, forlorn, divine attributes
a: no special abilities


You were on level 1 of the Dungeon.
You visited 1 branch of the dungeon, and saw 1 of its levels.

You collected 6 gold pieces.

Inventory:

Hand Weapons
 a - a +0 war axe (weapon)
Armour
 b - a +0 scale mail (worn)
 c - a +0 buckler (worn)
Potions
 d - a potion of might


   Skills:
 + Level 2.7 Fighting
 + Level 1.8 Axes
 + Level 2.7 Armour
 + Level 2.7 Shields


You couldn't memorise any spells.
You didn't know any spells.
Your spell library was empty.

Dungeon Overview and Level Annotations

Branches:
Dungeon (1/15)


Innate Abilities, Weirdness & Mutations

You have an increased reservoir of magic. (+10% MP)
You shall have no god before yourself.
Your divine heritage dramatically boosts your attributes as you level up.


Message History

Welcome, SensoryNuts the Demigod Fighter.
If you return without finding the Orb of Zot, so far below, it's all over!
Press ? for a list of commands and other information.
Found a staircase leading out of the dungeon.
You open the door.
There is an open door here.
You open the large door.
There is a large open door here.
You open the gate.
There is an open gate here.
You now have 6 gold pieces.
A dart slug comes into view.
A dart slug is nearby!
A gnoll comes into view. It is wielding a +0 flail.
The gnoll shouts!
You slash the dart slug!
You kill the dart slug!
You slash the gnoll!
The gnoll is heavily wounded.
The gnoll barely misses you.
You barely miss the gnoll.
The gnoll is heavily wounded.
The gnoll hits you with a +0 flail. The gnoll closely misses you.
You hit the gnoll.
The gnoll is almost dead.
The gnoll hits you with a +0 flail.
A gnoll is nearby!
You are too injured to fight recklessly!
You are too injured to fight recklessly!
You barely miss the gnoll.
The gnoll is almost dead.
The gnoll hits you with a +0 flail.
* * * LOW HITPOINT WARNING * * *
The gnoll hits you with a +0 flail.
You die...

#.#####.##.#####<.#
#.##.≈≈≈##..#
#.##..8≈#####
#.####....≈≈≈#
#.......######
######.## #.#
########.#
......g@.#
.......†...#
.......!.......
#####..##...### #..
...# #.. ..... #..
#...## #.. #..#


You could see a gnoll.

Vanquished Creatures
  A dart slug (D:1)
1 creature vanquished.

Notes
Turn   | Place    | Note
-------+----------+-------------------------------------------
     0 | D:1      | SensoryNuts the Demigod Fighter began the quest for the
                  | Orb.
     0 | D:1      | Reached XP level 1. HP: 18/18 MP: 3/3
    38 | D:1      | Slain by a gnoll

Illustrated notes

Levels and vault maps discovered:
D:1:      sevenhm_arrival_forest_fort_small_3, layout_loops_ring, minivault_26

Action                   || total
-------------------------++-------
Melee: War axe           ||     5
Dodge: Dodged            ||     2

Table legend: (Time is in decaauts)
 A = Elapsed time spent in this place.
 B = Non-inter-level travel time spent in this place.
 C = Inter-level travel time spent in this place.
 D = Time resting spent in this place.
 E = Time spent auto-exploring this place.
 F = Levels seen in this place.
 G = Mean time per level.
                   A        B        C        D        E       F      G
               +--------+--------+--------+--------+--------+-----+--------+
         Total |     39 |     39 |      0 |      0 |     30 |   1 |   39.0 |
       Dungeon |     39 |     39 |      0 |      0 |     30 |   1 |   39.0 |
               +--------+--------+--------+--------+--------+-----+--------+

Top non-repeatable levels by time:
     D:1: 39 daAuts
